 Dungeon Crawl Stone Soup version 0.30-a0-883-g5ad918d77d (webtiles) character file.

Game seed: 12876723735902291880

681 derherristhier the Sneak (level 7, -6/44 HPs)
             Began as a Kobold Berserker on Mar 18, 2023.
             Was a Plaything of Xom.
             Engulfed by a steam dragon's steam (9 damage)
             ... on level 6 of the Dungeon.
             The game lasted 00:22:00 (6379 turns).

derherristhier the Sneak (Kobold Berserker)         Turns: 6379, Time: 00:22:00

Health: -6/44      AC:  9    Str: 15    XL:     7   Next: 92%
Magic:  7/7        EV: 19    Int: 11    God:    Xom [.*....]
Gold:   231        SH:  4    Dex: 16    Spells: 6/6 levels left

rFire   . . .      SeeInvis .    B - +4 hand axe "Furues" {spect, +Blink Int+3}
rCold   . . .      Faith    .    w - +0 buckler
rNeg    . . .      Spirit   .    i - +0 ring mail
rPois   .          Reflect  .    p - +0 helmet
rElec   .          Rampage  .    y - scarf {repulsion}
rCorr   .                        (no gloves)
Will    +....                    (no boots)
Stlth   ++++                     (no amulet)
HPRegen 0.27/turn                D - ring of willpower
MPRegen 0.10/turn                H - +5 ring of evasion

@: repel missiles, unable to drink
A: small, no large weapons, nightstalker 3, iridescent scales 1, deterioration
1, inability to drink after injury 1
a: Renounce Religion, Evoke Blink


You were on level 6 of the Dungeon.
You worshipped Xom.
You were a plaything of Xom.
You visited 2 branches of the dungeon, and saw 7 of its levels.

You collected 231 gold pieces.

Inventory:

Hand Weapons
 a - a +0 short sword
 j - a +1 short sword of venom
 B - the +4 hand axe "Furues" (weapon) {spect, +Blink Int+3}
   (You found it on level 4 of the Dungeon)

   Int:       It affects your intelligence (+3).
   +Blink:    It lets you blink.
 C - the +7 staff of the Meek {protect, meekguard}
   (You found it on level 4 of the Dungeon)
 G - a +0 club
Missiles
 d - 32 stones (quivered)
 F - 3 throwing nets
Armour
 b - a +0 animal skin
 e - a +0 robe
 f - a +0 ring mail
 i - a +0 ring mail (worn)
 p - a +0 helmet (worn)
 v - a +0 tower shield
 w - a +0 buckler (worn)
 y - a scarf of repulsion (worn)
 z - a +0 scale mail
Magical Staves
 h - a staff of air
Jewellery
 D - a ring of willpower (left hand)
 H - a +5 ring of evasion (right hand)
Wands
 I - a wand of flame (18)
Scrolls
 g - 4 scrolls of identify {unknown}
 m - a scroll of magic mapping {unknown}
 n - 3 scrolls of poison {unknown}
 o - a scroll of fear {unknown}
 q - 2 scrolls of teleportation {unknown}
 s - a scroll of vulnerability {unknown}
 t - a scroll of torment {unknown}
 u - a scroll of immolation {unknown}
 x - a scroll of butterflies {unknown}
 A - 2 scrolls of amnesia {unknown}
 E - a scroll of noise {unknown}
Potions
 c - a potion of berserk rage {unknown}
 k - 2 potions of degeneration {unknown}
 l - 2 potions of curing {unknown}
 r - a potion of brilliance {unknown}


   Skills:
 + Level 4.3 Fighting
 + Level 5.3 Short Blades
 + Level 1.7 Axes
 + Level 3.7 Armour
 + Level 3.8 Dodging
 + Level 5.8 Stealth
 + Level 0.8 Shields


You had 6 spell levels left.
You didn't know any spells.
Your spell library contained the following spells:

 Spells                   Type           Power      Damage    Failure   Level
 Apportation              Tloc           0%         N/A       71%         1
 Magic Dart               Conj           0%         1d3       71%         1
 Necrotise                Necr           0%         1d4       71%         1
 Summon Small Mammal      Summ           0%         N/A       71%         1
 Call Imp                 Summ           0%         N/A       83%         2
 Mephitic Cloud           Conj/Pois/Air  0%         N/A       97%         3
 Vampiric Draining        Necr           0%         2d6       97%         3
 Agony                    Necr           0%         N/A       100%        5
 Alistair's Intoxication  Tmut/Pois      0%         N/A       100%        5


Dungeon Overview and Level Annotations

Branches:
Dungeon (6/15)             Temple (1/1) D:4

Altars:
Ashenzari
Cheibriados
Elyvilon
Fedhas
Gozag
Hepliaklqana
Kikubaaqudgha
Makhleb
Nemelex Xobeh
Okawaru
Qazlal
Ru
Trog
Uskayaw
Vehumet
Wu Jian
Xom
Yredelemnul
Zin
The Shining One


Innate Abilities, Weirdness & Mutations

You are small and have problems with some larger weapons.
You are completely attuned to the shadows.
You are partially covered in iridescent scales. (AC +2)
Your body sometimes deteriorates upon taking damage.
You occasionally lose the ability to drink potions when taking damage.


Message History

You completely miss the howler monkey.
Your +4 hand axe "Furues" {spect, +Blink Int+3} hits the howler monkey.
The howler monkey hoots and howls with incredible vigour!
You hear a zap.
You hear a grinding noise.
The howler monkey barely misses you.
You hear a bark!
You slash the howler monkey!
The howler monkey is heavily wounded.
Your +4 hand axe "Furues" {spect, +Blink Int+3} closely misses the howler monkey.
The howler monkey closely misses you.
An adder comes into view.
You hit the howler monkey.
The howler monkey is severely wounded.
Your +4 hand axe "Furues" {spect, +Blink Int+3} hits the howler monkey but does no damage.
The howler monkey barely misses your +4 hand axe "Furues" {spect, +Blink Int+3}.
The howler monkey hits your +4 hand axe "Furues" {spect, +Blink Int+3}.
Your spectral weapon shares its damage with you!
You slash the howler monkey!
You kill the howler monkey!
The steam dragon breathes steam at you. The ball of steam misses you.
You slash the adder!
The adder is heavily wounded.
Your +4 hand axe "Furues" {spect, +Blink Int+3} completely misses the adder.
You are engulfed in a cloud of scalding steam.
The adder bites you but does no damage.
You hear a zap.
You hear a grinding noise.
The adder closely misses you.
You hit the adder.
The adder is severely wounded.
Your +4 hand axe "Furues" {spect, +Blink Int+3} hits the adder.
You kill the adder!
The steam dragon breathes steam at you. The ball of steam hits you!!
You feel threatened and lose the ability to drink potions!
* * * LOW HITPOINT WARNING * * *
A sleepcap comes into view.
You are engulfed in a cloud of scalding steam.
You die...
Xom chortles!

# ##. .#
#.>######.#
..#........
..D......#
###...f..#
#......#
#...§D.#
#...§@.#
#....§.#
#....§.#
########


You could see a steam dragon (catching breath) and a sleepcap.

Vanquished Creatures
  A black bear (D:5)
  A kobold brigand (D:6)
  2 scorpions
  A howler monkey (D:6)
  A jelly (D:4)
  3 hounds
  2 iguanas
  3 gnolls (D:5)
  9 adders
  A white imp (D:5)
  An ufetubus (D:3)
  2 worms (D:2)
  5 orcs (D:4)
  8 ball pythons
  6 bats
  4 endoplasms
  5 giant cockroaches
  5 goblins
  6 hobgoblins
  10 kobolds
  2 quokkas
  3 frilled lizards
  5 rats
86 creatures vanquished.

Vanquished Creatures (others)
  An orc (D:6)
1 creature vanquished.

Grand Total: 87 creatures vanquished

Notes
Turn   | Place    | Note
-------+----------+-------------------------------------------
     0 | D:1      | derherristhier the Kobold Berserker began the quest for the
                  | Orb.
     0 | D:1      | Reached XP level 1. HP: 14/14 MP: 1/1
   400 | D:1      | Reached XP level 2. HP: 15/19 MP: 2/2
   973 | D:2      | Reached XP level 3. HP: 23/24 MP: 3/3
  1016 | D:2      | Reached skill level 1 in Stealth
  1083 | D:2      | Reached ** piety under Trog
  2240 | D:3      | Found a hide-covered altar of Uskayaw.
  2314 | D:3      | Reached XP level 4. HP: 29/29 MP: 4/4
  3178 | D:4      | Reached XP level 5. HP: 32/33 MP: 5/5
  3279 | D:4      | Identified the +4 hand axe "Furues" {spect, +Blink Int+3}
  3309 | D:4      | Reached skill level 5 in Short Blades
  3371 | D:4      | Found the +7 staff of the Meek {protect, meekguard}
  3380 | D:4      | Found a staircase to the Ecumenical Temple.
  3396 | Temple   | Entered the Ecumenical Temple
  3828 | D:4      | Reached XP level 6. HP: 27/38 MP: 6/6
  4924 | D:5      | Entered Level 5 of the Dungeon
  5045 | D:5      | Reached skill level 1 in Axes
  5045 | D:5      | Reached XP level 7. HP: 43/43 MP: 7/7
  5064 | D:5      | Reached *** piety under Trog
  5065 | D:5      | Reached skill level 5 in Stealth
  5598 | Temple   | Fell from the grace of Trog
  5598 | Temple   | Became a worshipper of Xom of Chaos
  5772 | Temple   | XOM: silly message
  6311 | D:6      | XOM: enchant monster (bad)
  6345 | D:6      | XOM: give mutations
  6345 | D:6      | Gained mutation: Your body sometimes deteriorates upon
                  | taking damage. [Xom's mischief]
  6345 | D:6      | Gained mutation: You are partially covered in iridescent
                  | scales. (AC +2) [Xom's mischief]
  6345 | D:6      | Gained mutation: You occasionally lose the ability to drink
                  | potions when taking damage. [Xom's mischief]
  6360 | D:6      | XOM: 2-stop teleportation journey
  6366 | D:6      | XOM: confusion
  6369 | D:6      | Noticed a steam dragon
  6379 | D:6      | Engulfed by a steam dragon's steam

Illustrated notes

Levels and vault maps discovered:
D:1:      minmay_arrival_jagged, layout_loops_ring
D:2:      layout_loops_ring
D:3:      layout_basic, mainiacjoe_overflow_small_starburst
D:4:      layout_basic, minmay_temple_entry_drinking_statues,
          minmay_misc_feat_chi, saegor_snake_ambush
D:5:      layout_basic
D:6:      layout_rooms, lemuel_flamethrower_2
Temple:   nicolae_temple_bog_church

Skill      XL: |  1  2  3  4  5  6  7 |
---------------+----------------------+-----
Stealth        | 2 3 4 5 |  5.8
Armour         | 2 3 |  3.7
Dodging        | 3 |  3.8
Fighting       | 4 |  4.3
Short Blades   | 5 |  5.3
Axes           | 1 |  1.7
Shields        | |  0.8

Action                     |  1- 3 |  4- 6 |  7- 9 || total
---------------------------+-------+-------+-------++-------
  Melee: Short sword       |   100 |    40 |       ||   140
         Hand axe          |       |    48 |    33 ||    81
    Use: Potion            |       |       |     1 ||     1
   Stab: Sleeping          |    10 |    13 |     2 ||    25
         Distracted        |       |     2 |       ||     2
 Armour: Animal skin       |     1 |       |       ||     1
         Ring mail         |    20 |    23 |     8 ||    51
  Dodge: Dodged            |    57 |    57 |    26 ||   140
  Block: Buckler           |       |    12 |     5 ||    17

Table legend: (Time is in decaauts)
 A = Elapsed time spent in this place.
 B = Non-inter-level travel time spent in this place.
 C = Inter-level travel time spent in this place.
 D = Time resting spent in this place.
 E = Time spent auto-exploring this place.
 F = Levels seen in this place.
 G = Mean time per level.
                   A        B        C        D        E       F      G
               +--------+--------+--------+--------+--------+-----+--------+
         Total |   6432 |   6432 |      0 |   1507 |   2292 |   7 |  918.9 |
       Dungeon |   5465 |   5465 |      0 |    933 |   2057 |   6 |  910.8 |
        Temple |    966 |    966 |      0 |    574 |    235 |   1 |  966.0 |
               +--------+--------+--------+--------+--------+-----+--------+

Top non-repeatable levels by time:
     D:4: 1938 daAuts
     D:3: 1312 daAuts
  Temple: 966 daAuts
     D:1: 851 daAuts
     D:2: 755 daAuts
     D:5: 522 daAuts
     D:6: 85 daAuts
